 Dungeon Crawl Stone Soup version 0.28-a0-425-gd0eccab798 (webtiles) character file.

Game seed: 612560984647245140

341 Rennog the Magician (level 6, -1/45 HPs)
             Began as a Djinni Fire Elementalist on Sept 9, 2021.
             Slain by a flying skull (10 damage)
             ... created by the anger of Yredelemnul
             ... on level 1 of the Dungeon.
             The game lasted 00:05:05 (2921 turns).

Rennog the Magician (Djinni Fire Elementalist)      Turns: 2921, Time: 00:05:06

Health: -1/45      AC:  2    Str:  7    XL:     6   Next: 87%
Gold:   112        EV: 13    Int: 24    God:
                   SH:  0    Dex: 14

rFire   + + .      SeeInvis .   k - +1 scythe (freeze)
rCold   x . .      Faith    .   (shield currently unavailable)
rNeg    . . .      Spirit   .   a - +0 robe
rPois   ∞          Reflect  .   (no helmet)
rElec   .          Harm     .   (no cloak)
rCorr   .          Rampage  .   (no gloves)
Will    .....                   (boots unavailable)
Stlth   ++........              (no amulet)
HPRegen 0.15/turn               d - ring of wizardry
MPRegen 0.00/turn               g - +6 ring of intelligence

@: flying
A: sickness immunity, fire resistance 2, cold vulnerability 1, float, innate
caster, hp casting, extra vitality 1
a: no special abilities


You were on level 1 of the Dungeon.
You visited 1 branch of the dungeon, and saw 2 of its levels.

You collected 112 gold pieces.

Inventory:

Hand Weapons
 k - a +1 scythe of freezing (weapon)
Missiles
 j - 2 throwing nets
Armour
 a - a +0 robe (worn)
Jewellery
 d - a ring of wizardry (left hand)
 g - a +6 ring of intelligence (right hand)
Wands
 i - a wand of iceblast (12)
Scrolls
 b - 2 scrolls of fog {unknown}
 c - a scroll of magic mapping {unknown}
 h - a scroll of acquirement {unknown}
 m - a scroll of torment {unknown}
Potions
 e - a potion of brilliance {unknown}
 f - a potion of invisibility {unknown}
 l - a potion of lignification {unknown}


   Skills:
 + Level 2.9 Fighting
 + Level 4.1 Dodging
 - Level 1.5 Stealth
 * Level 4.2 Spellcasting


You couldn't memorise any spells.
You knew the following spells:

 Your Spells              Type           Power      Damage    Failure   Level
a - Foxfire               Conj/Fire      100%       2x1d9     1%          1
b - Scorch                Fire           50%        2d8       1%          2
c - Conjure Flame         Conj/Fire      25%        6-21      1%          3
d - Inner Flame           Hex/Fire       25%        N/A       1%          3
e - Flame Wave            Conj/Fire      25%        3d6       6%          4
f - Animate Skeleton      Necr           50%        N/A       1%          1
g - Ensorcelled Hibernat  Hex/Ice        50%        N/A       1%          2
Your spell library was empty.

Dungeon Overview and Level Annotations

Branches:
Dungeon (2/15)

Altars:
Yredelemnul


Innate Abilities, Weirdness & Mutations

You are immune to sickness and miasma.
You are immune to poison.
Your flesh is very heat resistant. (rF++)
You are vulnerable to cold. (rC-)
You float through the air rather than walking.
You learn spells naturally, not from books.
Your magical power is your life essence.
You have superior vitality. (+4 HP)


Message History

You kill Natasha!
Natasha screams in fury as she dies!
You see here an amulet of guardian spirit.
Yredelemnul sends a servant to punish you.
A vampire comes into view.
You reach to attack!
You hit the vampire.
The vampire is lightly damaged.
You reach to attack!
You closely miss the vampire.
The vampire is lightly damaged.
You hit the vampire but do no damage.
The vampire is lightly damaged.
The vampire gestures at you while chanting.
You resist with some effort. The vampire closely misses you.
The vampire bites you!
You slash the vampire!
The vampire is moderately damaged.
The vampire closely misses you. The vampire bites you! The vampire hits you!
The vampire barely misses you. The vampire hits you!
* * * LOW HITPOINT WARNING * * *
The vampire misses you.
You see here an amulet of guardian spirit.
The vampire gestures at you while chanting.
You resist with some effort.
There is a stone staircase leading down here.
The vampire mumbles some strange words.
The vampire flickers and vanishes!
Deactivating autopickup; reactivate with Ctrl-A.
There is a stone staircase leading up here.
You fly upwards.
Reactivating autopickup.
There is a stone staircase leading down here.
You start resting.
Yredelemnul sends servants to punish you.
A wraith and 3 flying skulls come into view.
The flying skull closely misses you.
The flying skull hits you but does no damage.
The flying skull misses you. The flying skull hits you!
You die...

......##......####.####.# #.#
########......####+####.### #.#
.........(..........#.....#####.#
.........###..........###.......#
.........# #........W.#≈#.#######
.........# #..........###.#
####....## #.....z........#
#....).####.....z..#######
#..............@...#
##..................#
....................#
........####........# ....#####
#........# ....# ####'##.## ....#
#..#+### ....# #......# #####
#......#


You could see a wraith and 2 flying skulls.

Vanquished Creatures
  Sigmund (D:2)
  Natasha (twice) (D:2)
  Terence (D:2)
  5 gnolls
  2 adders (D:2)
  3 worms (D:2)
  3 ball pythons
  2 bats (D:2)
  4 endoplasms
  A giant cockroach (D:1)
  A goblin (D:2)
  5 hobgoblins
  6 kobolds
  4 quokkas
  3 frilled lizards
  3 rats
46 creatures vanquished.

Vanquished Creatures (others)
  147 foxfires
147 creatures vanquished.

Grand Total: 193 creatures vanquished

Notes
Turn   | Place    | Note
-------+----------+-------------------------------------------
     0 | D:1      | Rennog the Djinni Fire Elementalist began the quest for the
                  | Orb.
     0 | D:1      | Reached XP level 1. HP: 15/15 MP: 0/0
   358 | D:1      | Reached XP level 2. HP: 18/22 MP: 0/0
  1089 | D:1      | Reached skill level 1 in Fighting
  1089 | D:1      | Reached XP level 3. HP: 19/27 MP: 0/0
  1089 | D:1      | Learned a level 1 spell: Animate Skeleton
  1201 | D:1      | Found a faded altar of an unknown god.
  1225 | D:1      | Became a worshipper of Yredelemnul the Dark
  1225 | D:1      | Reached * piety under Yredelemnul
  1226 | D:1      | Fell from the grace of Yredelemnul
  1558 | D:2      | Reached XP level 4. HP: 24/32 MP: 0/0
  2169 | D:2      | Reached XP level 5. HP: 21/38 MP: 0/0
  2169 | D:2      | Learned a level 2 spell: Ensorcelled Hibernation
  2517 | D:2      | Noticed Sigmund
  2521 | D:2      | Killed Sigmund
  2522 | D:2      | Reached XP level 6. HP: 23/45 MP: 0/0
  2684 | D:2      | Noticed Terence
  2685 | D:2      | Killed Terence
  2778 | D:2      | Noticed Natasha
  2784 | D:2      | Killed Natasha
  2847 | D:2      | Noticed Natasha
  2851 | D:2      | Killed Natasha
  2883 | D:2      | Noticed a vampire
  2913 | D:1      | Noticed a flying skull
  2913 | D:1      | Noticed a flying skull
  2913 | D:1      | Noticed a flying skull
  2913 | D:1      | Noticed a wraith
  2921 | D:1      | Slain by a flying skull

Illustrated notes

Levels and vault maps discovered:
D:1:      ncdulo_smallfort, layout_basic, shapermc_ecumenical_altar_venn,
          feat_on_display
D:2:      layout_loops_ring, kennysheep_potato, uniq_terence, uniq_natasha,
          uniq_sigmund

Skill      XL: |  1  2  3  4  5  6 |
---------------+-------------------+-----
Fighting       | 1 2 |  2.9
Spellcasting   | 3 4 |  4.2
Dodging        | 3 4 |  4.1
Stealth        | |  1.5

Action                   |  1- 3 |  4- 6 || total
-------------------------+-------+-------++-------
Melee: Unarmed           |       |     1 ||     1
       Scythe            |       |     5 ||     5
 Cast: Foxfire           |    65 |    27 ||    92
       Scorch            |     9 |    15 ||    24
Invok: Renounce Religion |     1 |       ||     1
Armor: Robe              |     2 |     1 ||     3
Dodge: Dodged            |       |    11 ||    11

Table legend: (Time is in decaauts)
 A = Elapsed time spent in this place.
 B = Non-inter-level travel time spent in this place.
 C = Inter-level travel time spent in this place.
 D = Time resting spent in this place.
 E = Time spent auto-exploring this place.
 F = Levels seen in this place.
 G = Mean time per level.
                   A        B        C        D        E       F      G
               +--------+--------+--------+--------+--------+-----+--------+
         Total |   2924 |   2894 |     30 |    287 |   2344 |   2 | 1462.0 |
       Dungeon |   2924 |   2894 |     30 |    287 |   2344 |   2 | 1462.0 |
               +--------+--------+--------+--------+--------+-----+--------+

Top non-repeatable levels by time:
     D:2: 1658 daAuts
     D:1: 1266 daAuts
